 Seeded DCSS version 0.28-a0-643-g84cb2ea78e (webtiles) character file.

Game seed: 20211011 (custom seed)

138180 a11behringer the Minotaur Blade (level 16, -1/235 HPs)
             Began as a Minotaur Berserker on Oct 11, 2021.
             Was the Champion of Trog.
             Killed by vampiric draining
             ... invoked by Huol's ghost
              (29 damage)
             ... on level 2 of the Elven Halls.
             The game lasted 02:21:26 (27522 turns).

a11behringer the Minotaur Blade (MiBe)             Turns: 27522, Time: 02:21:26

Health: -1/235     AC: 28    Str: 34    XL:     16   Next: 70%
Magic:  15/15      EV: 16    Int:  7    God:    Trog [******]
Gold:   900        SH: 21    Dex: 24    Spells: 15/15 levels left

rFire   + . .      SeeInvis +   J - +9 long sword of Tusyal {freeze, Will+ Dex+6}
rCold   + . .      Faith    .   A - +0 kite shield
rNeg    . . .      Spirit   .   T - +1 ice dragon scales of the Boiling Point {Rampage rF- rC++ Will+ rCorr}
rPois   .          Reflect  +   H - +1 hat {Int+3}
rElec   .          Harm     .   n - +2 cloak
rCorr   +          Rampage  +   R - +2 pair of gloves {Str+3}
Will    +++++                   V - +0 pair of boots of the Crypt {rF+ rC- Dex+4}
Stlth   ..........              o - amulet of Ofustryoha {Reflect Will+ Regen+ SH+5 SInv}
HPRegen 3.49/turn               m - ring of resist corrosion
MPRegen 0.14/turn               x - +6 ring of strength

@: berserking, lethally poisoned (-1 -> -6), strong-willed, regenerating,
studying Throwing, very quick
A: horns 2, retaliatory headbutt, talons 1, iridescent scales 1, fire resistance
1, regeneration 1
a: Renounce Religion, Berserk, Trog's Hand, Brothers in Arms


You were on level 2 of the Elven Halls.
You worshipped Trog.
Trog was exalted by your worship.
You visited 5 branches of the dungeon, and saw 26 of its levels.
You also visited: Ice Cave.

You collected 2327 gold pieces.
You spent 1427 gold pieces at shops.

Inventory:

Hand Weapons
 g - a +2 hunting sling of freezing
 z - a +3 scimitar of flaming
 B - a +5 vorpal double sword
 J - the +9 long sword of Tusyal (weapon) {freeze, Will+ Dex+6}
   (You bought it in a shop on level 5 of the Dungeon)

   It freezes those it strikes, dealing additional cold damage.
   It can also slow down cold-blooded creatures.
   Dex:       It affects your dexterity (+6).
   Will:      It increases your willpower.
 K - a +4 antimagic long sword
 U - a +8 great sword of flaming
Missiles
 u - 151 sling bullets
Armour
 h - a +0 troll leather armour
 n - a +2 cloak (worn)
 A - a +0 kite shield (worn)
 G - a +0 tower shield
 H - a +1 hat of intelligence (worn)
 R - a +2 pair of gloves of strength (worn)
 T - the +1 ice dragon scales of the Boiling Point (worn) {Rampage rF- rC++ Will+ rCorr}
   (You found it in an ice cave)

   rF:        It makes you vulnerable to fire.
   rC:        It greatly protects you from cold.
   rCorr:     It protects you from acid and corrosion.
   Rampage:   It bestows one free step when moving towards enemies.
   Will:      It increases your willpower.
 V - the +0 pair of boots of the Crypt (worn) {rF+ rC- Dex+4}
   (You found it on level 11 of the Dungeon)

   Dex:       It affects your dexterity (+4).
   rF:        It protects you from fire.
   rC:        It makes you vulnerable to cold.
 X - a +1 cloak of stealth
Jewellery
 d - a +4 ring of evasion
 j - an amulet of the acrobat
 m - a ring of resist corrosion (left hand)
 o - the amulet of Ofustryoha (around neck) {Reflect Will+ Regen+ SH+5 SInv}
   (You bought it in a shop on level 2 of the Orcish Mines)

   [amulet of reflection]

   It reflects blocked missile attacks.
   SInv:      It lets you see invisible.
   Regen:     It increases your rate of health regeneration.
   SH:        It affects your SH (+5).
   Will:      It increases your willpower.
 w - a ring of protection from fire
 x - a +6 ring of strength (right hand)
 y - a ring of poison resistance
 Y - a ring of flight
Wands
 f - a wand of flame (55) (quivered)
 C - a wand of iceblast (19)
 D - a wand of acid (21)
 E - a wand of mindburst (44)
 F - a wand of charming (18)
 S - a wand of paralysis (7)
Scrolls
 a - 2 scrolls of fog
 l - a scroll of magic mapping
 r - 5 scrolls of teleportation
 v - a scroll of enchant armour
 M - 7 scrolls of fear
 Q - a scroll of blinking
 W - 3 scrolls of holy word
 Z - 2 scrolls of brand weapon
Potions
 b - a potion of flight
 e - 2 potions of invisibility
 i - 7 potions of curing
 k - 4 potions of haste
 p - 2 potions of ambrosia
 q - 4 potions of heal wounds
 t - 3 potions of might
 I - 3 potions of resistance
 L - 3 potions of magic
 N - 2 potions of berserk rage
 O - 2 potions of cancellation
Miscellaneous
 c - a phantom mirror
 s - a piece from Xom's chessboard (15/15)


   Skills:
 + Level 17.9 Fighting
 - Level 21.5 Long Blades
 - Level 6.3 Slings
 * Level 15.7 Armour
 - Level 7.3 Dodging
 + Level 17.0 Shields
 - Level 5.3 Evocations


You had 15 spell levels left.
You didn't know any spells.
Your spell library was empty.

Dungeon Overview and Level Annotations

Branches:
Dungeon (15/15)            Temple (1/1) D:7            Lair (6/6) D:10
  Swamp (0/4) Lair:3       Spider (0/4) Lair:2        Slime (0/5) Lair:6
    Orc (2/2) D:12            Elf (2/3) Orc:2        Vaults (0/5) D:13
 Depths (0/4) D:15          IceCv (visited)

Altars:
Ashenzari
Cheibriados
Dithmenos
Elyvilon
Fedhas
Hepliaklqana
Kikubaaqudgha
Makhleb
Nemelex Xobeh
Okawaru
Qazlal
Ru
Sif Muna
Trog
Uskayaw
Vehumet
Wu Jian
Xom
Jiyva

Shops:
D:4 (   D:5 ([*   Orc:1 :   Orc:2 =![=(   Elf:1 *

Annotations:
D:6 exclusion: statue
Elf:2 3 runed translucent doors, Huol's ghost, adept FoFi


Innate Abilities, Weirdness & Mutations

You have a pair of horns on your head.
You reflexively headbutt those who attack you in melee.
You have sharp toenails.
You are partially covered in iridescent scales. (AC +2)
Your flesh is heat resistant. (rF+)
Your natural rate of healing is unusually fast.


Message History

Your headbutt misses the +0 halberd of venom.
The +0 halberd of venom is lightly damaged.
You feel sick. The +0 halberd of venom hits you.
You are more poisoned.
You miss the +0 halberd of venom.
The +0 halberd of venom is lightly damaged.
You feel very sick. You block Huol's ghost's attack.
You block the +0 halberd of venom's attack.
You miss the +0 halberd of venom.
Your headbutt misses the +0 halberd of venom.
The +0 halberd of venom is lightly damaged.
You feel very sick. You block Huol's ghost's attack.
The +0 halberd of venom hits you!!
* * * LOW HITPOINT WARNING * * *
You are more poisoned.
A red film seems to cover your vision as you go berserk!
You feel yourself moving faster!
You feel mighty!
You feel extremely sick.
You block the +0 halberd of venom's attack.
You block Huol's ghost's attack.
You slice Huol's ghost!! You freeze Huol's ghost! You headbutt Huol's ghost.
Huol's ghost is moderately damaged.
You feel very sick.
You block the +0 halberd of venom's attack.
You slice Huol's ghost!! You freeze Huol's ghost! You headbutt Huol's ghost.
Huol's ghost is heavily damaged.
You feel very sick. You block Huol's ghost's attack.
You hit Huol's ghost but do no damage. You headbutt Huol's ghost.
Huol's ghost is heavily damaged.
You feel sick. The +0 halberd of venom hits you!
* * * LOW HITPOINT WARNING * * *
You are more poisoned.
You slice Huol's ghost!! You freeze Huol's ghost.
Huol's ghost is severely damaged.
You feel very sick.
You block the +0 halberd of venom's attack.
Huol's ghost draws life force from you!!
You die...

....## .....## ......#
##### ......# #))"#
...).⌠# #.≈.# ......#
#.≈.# ......# #.≈.#
......#### ####.W.# ...
.⌠.......###>.##@## ....
#####..).#.).)...(#.....
#..))...............
#....#)......#.....(
########....##....(.
##...# #..... #'###
..... #.# #.... #># ....


You could see a +0 halberd of venom and Huol's ghost.

Vanquished Creatures
  2 azure jellies (IceCv)
  Azrael (D:15)
  An ettin (Orc:2)
  A great orb of eyes (D:15)
  2 rakshasas (D:15)
  Harold (Lair:2)
  Fannar (D:12)
  12 hydras
  5 boulder beetles
  5 centaur warriors
  A death knight (D:13)
  Erica (Lair:2)
  15 dancing weapons
  7 two-headed ogres
  A catoblepas (Lair:6)
  3 tengu warriors
  A deep troll shaman (Lair:6)
  5 death yaks (Lair:6)
  3 orc high priests (Orc:2)
  A vampire mage (D:14)
  Nergalle (Lair:3)
  5 deep elf knights (Elf:1)
  A skeletal warrior (D:11)
  7 orc knights
  2 deep elf archers
  A lindwurm (Lair:6)
  19 ugly things
  14 deep elf zephyrmancers
  15 deep elf pyromancers
  3 orc sorcerers (Orc:2)
  15 elephants
  3 oklob plants
  A wolf spider (D:11)
  4 manticores
  9 cyclopes
  7 black mambas
  A cane toad (shapeshifter) (D:14)
  A black mamba (shapeshifter) (Elf:1)
  2 ice statues (IceCv)
  3 gargoyles
  16 cane toads
  2 kobold demonologists (D:13)
  Psyche (D:11)
  9 rime drakes
  3 tengu conjurers
  10 komodo dragons
  An efreet (D:15)
  5 trolls
  A freezing wraith (D:14)
  3 entropy weaver simulacra (IceCv)
  A polar bear (Lair:6)
  A tyrant leech (Lair:3)
  24 slime creatures
  19 blink frogs
  11 dream sheep
  A centaur simulacrum (D:15)
  4 shadows
  A water elemental (Elf:1)
  5 vampires
  3 air elementals
  57 yaks
  A wraith (D:12)
  5 wyverns
  3 basilisks
  4 fire elementals
  3 steam dragons
  3 vampire mosquitoes (D:11)
  Menkaure (D:4)
  3 acid dragons
  3 wargs (Orc:2)
  2 swamp worms (Lair:3)
  4 demonic crawler simulacra (IceCv)
  14 water moccasins
  A floating eye (shapeshifter) (D:15)
  2 floating eyes (D:12)
  2 hell hounds (D:15)
  24 orc warriors
  4 ice beasts
  A sky beast (D:7)
  2 necrophages
  5 black bears
  4 boggarts (D:12)
  2 ugly thing simulacra (IceCv)
  5 centaurs
  15 wolves
  4 ogres
  The ghost of AttackTheMoon the Sneak, an amateur KoDe of Cheibriados (D:6)
  2 phantoms
  3 kobold brigands
  Blork the orc (D:4)
  22 bullfrogs
  An earth elemental (Elf:1)
  A gnoll sergeant (D:6)
  3 glowing shapeshifter simulacra (IceCv)
  A wyvern skeleton (D:7)
  A water moccasin skeleton (D:6)
  5 wights (D:9)
  2 electric eels (Lair:1)
  2 howler monkeys
  A spectral centaur (D:6)
  5 centaur zombies
  A hound (D:5)
  A gnoll shaman (D:5)
  18 orc priests
  3 bullfrog skeletons
  Ijyb (D:5)
  2 iguanas
  35 orc wizards
  A killer bee zombie (D:6)
  A hound skeleton (D:5)
  A mummy (D:4)
  2 howler monkey zombies
  9 gnolls
  5 adders
  A shadow imp (D:6)
  2 white imps
  2 ufetubi (D:5)
  An adder zombie (D:5)
  2 worms
  A dart slug (D:2)
  68 orcs
  11 endoplasms
  2 giant cockroaches
  5 goblins
  A hobgoblin (D:4)
  2 quokkas
  5 ball pythons
  A bat (D:3)
  A frilled lizard (D:1)
  12 kobolds
  5 rats
731 creatures vanquished.

Vanquished Creatures (collateral kills)
  4 ugly things (D:15)
  An orc warrior (D:15)
  An orc (D:15)
6 creatures vanquished.

Vanquished Creatures (others)
  A wizard (D:9)
  An orc (Orc:2)
  16 fungi
  14 plants
32 creatures vanquished.

Grand Total: 769 creatures vanquished

Notes
Turn   | Place    | Note
-------+----------+-------------------------------------------
     0 | D:1      | a11behringer the Minotaur Berserker began the quest for the
                  | Orb.
     0 | D:1      | Reached XP level 1. HP: 19/19 MP: 0/0
   625 | D:1      | Reached skill level 4 in Long Blades
   680 | D:1      | Found a faded altar of an unknown god.
   834 | D:2      | Reached XP level 2. HP: 27/27 MP: 1/1
   896 | D:2      | Reached XP level 3. HP: 29/33 MP: 2/2
  1353 | D:2      | Reached skill level 5 in Long Blades
  1462 | D:3      | Identified a scroll of acquirement
  1462 | D:3      | Acquired a manual of Long Blades
  1553 | D:3      | Reached ** piety under Trog
  1708 | D:3      | Reached skill level 6 in Long Blades
  1708 | D:3      | Reached XP level 4. HP: 19/40 MP: 3/3
  2133 | D:3      | Found a shimmering blue altar of Sif Muna.
  2315 | D:4      | Noticed Blork the orc
  2329 | D:4      | Killed Blork the orc
  2330 | D:4      | Reached skill level 7 in Long Blades
  2330 | D:4      | Reached XP level 5. HP: 8/47 MP: 4/4
  2631 | D:4      | Noticed a black bear
  2646 | D:4      | Killed a black bear
  2647 | D:4      | Reached skill level 8 in Long Blades
  2657 | D:4      | Reached XP level 6. HP: 53/53 MP: 5/5
  2664 | D:4      | Found a white marble altar of Elyvilon.
  2664 | D:4      | Found an ornate altar of the Wu Jian Council.
  2675 | D:4      | Found a blossoming altar of Fedhas.
  2889 | D:4      | Reached skill level 9 in Long Blades
  2921 | D:4      | Found Viskat's Weapon Emporium.
  3005 | D:4      | Noticed Menkaure
  3016 | D:4      | Killed Menkaure
  3017 | D:4      | Reached skill level 10 in Long Blades
  3092 | D:4      | Found a stormy altar of Qazlal.
  3094 | D:4      | Noticed a fire elemental
  3095 | D:4      | Noticed a water elemental
  3095 | D:4      | Noticed an air elemental
  3142 | D:4      | Reached XP level 7. HP: 60/60 MP: 6/6
  3276 | D:4      | Reached skill level 11 in Long Blades
  3505 | D:4      | Found a snail-covered altar of Cheibriados.
  3593 | D:5      | Entered Level 5 of the Dungeon
  3607 | D:5      | Reached skill level 5 in Fighting
  3695 | D:5      | Reached skill level 12 in Long Blades
  3831 | D:5      | Noticed Ijyb
  3842 | D:5      | Killed Ijyb
  3943 | D:5      | Found a broken altar of Ashenzari.
  4014 | D:5      | Found Suosmet's Antique Weapon Boutique.
  4015 | D:5      | Found Taunep's Distillery.
  4022 | D:5      | Reached skill level 13 in Long Blades
  4046 | D:5      | Reached XP level 8. HP: 64/68 MP: 7/7
  4055 | D:5      | Reached *** piety under Trog
  4062 | D:5      | Found Tuxkeix's Antique Armour Boutique.
  4065 | D:5      | Found Piurhoed's General Store.
  4506 | D:5      | Reached skill level 14 in Long Blades
  4900 | D:6      | Reached skill level 5 in Armour
  5082 | D:6      | Found a runed translucent gate.
  5082 | D:6      | Found a runed translucent gate.
  5082 | D:6      | Found a runed translucent gate.
  5094 | D:6      | Noticed AttackTheMoon's ghost (amateur KoDe)
  5269 | D:6      | Reached skill level 15 in Long Blades
  5509 | D:6      | Reached XP level 9. HP: 70/75 MP: 8/8
  5756 | D:6      | Reached skill level 10 in Armour
  6145 | D:6      | Killed AttackTheMoon's ghost
  6189 | D:6      | Reached **** piety under Trog
  6288 | D:6      | Found a sacrificial altar of Ru.
  6384 | D:6      | Found a radiant altar of Vehumet.
  6460 | D:7      | Reached skill level 1 in Slings
  6471 | D:7      | Reached skill level 16 in Long Blades
  6647 | D:7      | Reached XP level 10. HP: 78/86 MP: 9/9
  6731 | D:7      | Found a staircase to the Ecumenical Temple.
  6734 | D:7      | Noticed a manticore
  6756 | D:7      | Killed a manticore
  6941 | Temple   | Entered the Ecumenical Temple
  7173 | D:7      | Identified the +1 leather armour "Quppagiu" {-Cast Harm
                  | rCorr}
  7408 | D:5      | Bought a dazzling long sword for 221 gold pieces
  7408 | D:5      | Identified the +9 long sword of Tusyal {freeze, Will+
                  | Dex+6} (You bought it in a shop on level 5 of the Dungeon)
  8069 | D:8      | Reached skill level 1 in Shields
  8421 | D:8      | Reached skill level 1 in Evocations
  8616 | D:8      | Found a hide-covered altar of Uskayaw.
  9296 | D:9      | Found a bloodstained altar of Trog.
  9300 | D:9      | Noticed a wizard
  9305 | D:9      | Killed a wizard
  9555 | D:9      | Found a burning altar of Makhleb.
 10080 | D:5      | Bought a pair of embroidered gloves for 187 gold pieces
 10347 | D:10     | Entered Level 10 of the Dungeon
 10368 | D:10     | Found a shadowy altar of Dithmenos.
 10696 | D:10     | Noticed a gargoyle
 10702 | D:10     | Killed a gargoyle
 10998 | D:10     | Reached XP level 11. HP: 35/97 MP: 10/10
 11181 | D:10     | Found a staircase to the Lair.
 11346 | D:11     | Noticed a boulder beetle
 11367 | D:11     | Killed a boulder beetle
 11513 | D:11     | Noticed Psyche
 11514 | D:11     | Noticed a centaur warrior
 11524 | D:11     | Killed a centaur warrior
 11525 | D:11     | Reached skill level 5 in Shields
 11530 | D:11     | Killed Psyche
 11565 | D:11     | Noticed a two-headed ogre
 11569 | D:11     | Killed a two-headed ogre
 11570 | D:11     | Reached skill level 5 in Slings
 11570 | D:11     | Noticed a two-headed ogre
 11572 | D:11     | Killed a two-headed ogre
 11573 | D:11     | Noticed a two-headed ogre
 11577 | D:11     | Killed a two-headed ogre
 11578 | D:11     | Reached skill level 10 in Fighting
 11578 | D:11     | Reached skill level 17 in Long Blades
 11853 | D:11     | Noticed a wolf spider
 11853 | D:11     | Noticed a brown ugly thing
 11856 | D:11     | Noticed a skeletal warrior
 11857 | D:11     | Killed a wolf spider
 11860 | D:11     | Noticed a red ugly thing
 11862 | D:11     | Killed a brown ugly thing
 11867 | D:11     | Killed a skeletal warrior
 11873 | D:11     | Killed a red ugly thing
 11879 | D:11     | Identified the +0 pair of boots of the Crypt {rF+ rC-
                  | Dex+4}
 11971 | D:11     | Noticed a seven-headed hydra
 11975 | D:11     | Killed a ten-headed hydra
 12101 | D:11     | Reached XP level 12. HP: 83/110 MP: 11/11
 13020 | D:12     | Noticed a two-headed ogre
 13026 | D:12     | Killed a two-headed ogre
 13059 | D:12     | Gained mutation: You have sharp toenails. [potion of
                  | mutation]
 13059 | D:12     | Gained mutation: Your body sometimes deteriorates upon
                  | taking damage. [potion of mutation]
 13059 | D:12     | Gained mutation: You are agile. (Dex +2) [potion of
                  | mutation]
 13218 | D:12     | Found a staircase to the Orcish Mines.
 13221 | D:12     | Reached skill level 5 in Evocations
 13239 | D:12     | Noticed Fannar
 13249 | D:12     | Killed Fannar
 13504 | D:12     | Noticed an eight-headed hydra
 13515 | D:12     | Noticed a two-headed ogre
 13961 | D:5      | Lost mutation: Your body sometimes deteriorates upon taking
                  | damage. [potion of mutation]
 13961 | D:5      | Lost mutation: You are agile. (Dex +2) [potion of mutation]
 13961 | D:5      | Gained mutation: Your natural rate of healing is unusually
                  | fast. [potion of mutation]
 13961 | D:5      | Gained mutation: Your flesh is heat resistant. (rF+)
                  | [potion of mutation]
 13961 | D:5      | Gained mutation: You are partially covered in iridescent
                  | scales. (AC +2) [potion of mutation]
 14150 | D:12     | Noticed a four-headed hydra
 14191 | D:12     | Killed a 17-headed hydra
 14195 | D:12     | Killed a two-headed ogre
 14220 | D:12     | Paralysed by a floating eye for 2 turns
 14246 | D:12     | Reached skill level 18 in Long Blades
 14298 | Orc:1    | Entered Level 1 of the Orcish Mines
 14478 | Orc:2    | Entered Level 2 of the Orcish Mines
 14483 | Orc:2    | Noticed a two-headed ogre
 14493 | Orc:2    | Killed a two-headed ogre
 14498 | Orc:2    | Reached skill level 10 in Shields
 14528 | Orc:2    | Noticed an ettin
 14548 | Orc:1    | Reached XP level 13. HP: 119/119 MP: 12/12
 14626 | Orc:1    | Reached ***** piety under Trog
 14645 | Orc:1    | Found Qionyn's Book Shop.
 14877 | Orc:2    | Found a staircase to the Elven Halls.
 14902 | Orc:2    | Found Hovuliz's Jewellery Emporium.
 14976 | Orc:2    | Killed an ettin
 15438 | Orc:2    | Found Ceqef's Distillery.
 15438 | Orc:2    | Found Viss's Weapon Boutique.
 15455 | Orc:2    | Found Capa's Jewellery Boutique.
 15455 | Orc:2    | Found Lyer's Antique Armour Shoppe.
 15488 | Orc:2    | Bought the amulet of Ofustryoha {Reflect Will+ Regen+ SH+5
                  | SInv} for 608 gold pieces
 15502 | Orc:2    | Bought a potion of heal wounds for 55 gold pieces
 15502 | Orc:2    | Bought a potion of might for 44 gold pieces
 15502 | Orc:2    | Bought a potion of heal wounds for 55 gold pieces
 15502 | Orc:2    | Bought a potion of heal wounds for 55 gold pieces
 15710 | Elf:1    | Entered Level 1 of the Elven Halls
 16269 | D:13     | Reached skill level 19 in Long Blades
 16535 | D:13     | Found a gate to the Vaults.
 16647 | D:13     | Found a frozen archway.
 16661 | IceCv    | Entered an ice cave
 16741 | IceCv    | Identified the +1 ice dragon scales of the Boiling Point
                  | {Rampage rF- rC++ Will+ rCorr}
 16745 | IceCv    | Received a gift from Trog
 16867 | IceCv    | Noticed an azure jelly
 16868 | IceCv    | Found a viscous altar of Jiyva.
 16868 | IceCv    | Noticed an azure jelly
 16882 | IceCv    | Killed an azure jelly
 16883 | IceCv    | Reached XP level 14. HP: 130/130 MP: 13/13
 16886 | IceCv    | Killed an azure jelly
 17470 | D:14     | Found the +2 robe of Vines {NoPotionHeal Regen+++}
 18102 | D:15     | Entered Level 15 of the Dungeon
 18207 | D:15     | Reached skill level 20 in Long Blades
 18317 | D:15     | Identified the +11 flail of Circularity {elec, rC- Will+
                  | rCorr Str+3}
 18430 | D:15     | Noticed Azrael
 18443 | D:15     | Killed Azrael
 18810 | D:15     | Reached skill level 5 in Dodging
 18894 | D:15     | Reached skill level 15 in Shields
 18903 | D:15     | Found a staircase to the Depths.
 19074 | D:15     | Found an iron altar of Okawaru.
 19676 | Lair:1   | Entered Level 1 of the Lair of Beasts
 19777 | Lair:1   | Received a gift from Trog
 19778 | Lair:1   | Reached XP level 15. HP: 132/139 MP: 14/14
 20097 | Lair:1   | You fall into a shaft and drop 1 floor!
 20191 | Lair:2   | Reached skill level 21 in Long Blades
 20201 | Lair:2   | Reached skill level 15 in Fighting
 20265 | Lair:2   | Found a hole to the Spider Nest.
 20424 | Lair:2   | Noticed Harold
 20434 | Lair:2   | Killed Harold
 20569 | Lair:2   | Noticed Erica
 20580 | Lair:2   | Killed Erica
 20945 | Lair:1   | Found a blossoming altar of Fedhas.
 21765 | Lair:3   | Noticed Nergalle
 21772 | Lair:3   | Killed Nergalle
 21842 | Lair:3   | You fall into a shaft and drop 2 floors!
 21983 | Lair:5   | Reached ****** piety under Trog
 22436 | Lair:5   | Received a gift from Trog
 23181 | Lair:4   | You fall into a shaft and drop 2 floors!
 23181 | Lair:6   | Entered Level 6 of the Lair of Beasts
 23674 | Lair:6   | Found a staircase to the Slime Pits.
 23675 | Lair:6   | Found a viscous altar of Jiyva.
 23681 | Lair:6   | Received a gift from Trog
 23895 | Lair:6   | Reached XP level 16. HP: 144/154 MP: 15/15
 25293 | Lair:3   | Found a staircase to the Swamp.
 26220 | D:5      | Bought a +1 hat of intelligence for 160 gold pieces
 26493 | Elf:1    | Reached skill level 15 in Armour
 26549 | Elf:1    | Found Xocuss's General Store.
 26576 | Elf:1    | Bought a potion of degeneration for 14 gold pieces
 26576 | Elf:1    | Bought a scroll of identify for 28 gold pieces
 26681 | Elf:1    | Received a gift from Trog
 26955 | Elf:1    | Paralysed by an air elemental for 1 turns
 27339 | Elf:2    | Paralysed by an air elemental for 1 turns
 27380 | Elf:2    | Paralysed by an air elemental for 1 turns
 27414 | Elf:2    | Found a runed translucent door.
 27458 | Elf:2    | Found a runed translucent gate.
 27459 | Elf:2    | Found a runed translucent gate.
 27459 | Elf:2    | Found a runed translucent gate.
 27493 | Elf:2    | Noticed Huol's ghost (adept FoFi)
 27522 | Elf:2    | Killed from afar by Huol's ghost

Illustrated notes

Levels and vault maps discovered:
D:1:      eino_arrival_water_star, layout_basic, chequers_ecumenical_altar_lobes
D:2:      layout_rooms, minmay_misc_feat_x, minmay_misc_feat_tower
D:3:      layout_rooms, lemuel_blue_sif_altar
D:4:      black_bear_nest_2, layout_loops_ring, slow_altar_2,
          nicolae_qazlal_style_of_elements, mainiacjoe_overflow_surrounded_room,
          gammafunk_temple_overflow_elements, minmay_misc_feat_encased,
          nicolae_take_the_stairs, uniq_blork_the_orc, uniq_menkaure
D:5:      layout_loops_ring, nicolae_ashenzari_skybound,
          minmay_shop_grid_forest, uniq_ijyb
D:6:      layout_rooms, marbit_many_paths, vehumet_statue,
          gammafunk_ghost_necromancy
D:7:      layout_basic, minmay_temple_entry_trees
D:8:      layout_basic, kennysheep_mini_moat, minmay_hedge_maze, grunt_ogre_cave
D:9:      layout_loops_ring, old_standard_altar, trog_wizard,
          mrwooster_statue_mirror
D:10:     layout_cross, nicolae_dithmenos_the_darkroom, erik_lair_dragon
D:11:     minmay_the_grid_octo_tiled_octocenter [minmay_the_grid_octo_chip,
          minmay_the_grid_octo_fat_diamond, minmay_the_grid_octo_teeth,
          minmay_the_grid_octo_77, minmay_the_grid_octo_prize_big_c,
          minmay_the_grid_square_5x5_three_small,
          minmay_the_grid_square_5x5_three, minmay_the_grid_square_5x5_fat_x,
          minmay_the_grid_square_5x5_checkered], layout_rooms, kennysheep_donut,
          uniq_psyche
D:12:     layout_loops_cross, orc_0_dummy, onia_ninara_cookie, uniq_fannar
D:13:     layout_loops_corners, erik_vaults_1, portal_ice_cave_rime
D:14:     layout_long_grid, chequers_jeans, nzn_life_drinkers
D:15:     gammafunk_enter_depths_forms, layout_layer_cave, okawaru_gym_becter,
          uniq_azrael
Temple:   compressed_dpeg_triangle_lava_temple
Lair:1:   layout_gridlike, hangedman_tree_tricks
Lair:2:   layout_cave_pods, spider_nest_entry_web_field, serial_bayou_pond_e,
          uniq_erica, uniq_harold
Lair:3:   layout_regular_city, palyth_hydra_swamp_entry, beast_lair_carwin_2,
          uniq_nergalle
Lair:4:   layout_hall_layers, grunt_megastairs_3, serial_bayou_shore_a
Lair:5:   layout_hall_layers
Lair:6:   grunt_lair_end_beastmaster, layout_cave_pods, slime_altar_1,
          grunt_megastairs_2, serial_bayou_shore_b
Orc:1:    layout_caves, serial_shops, nicolae_shop_crystal
Orc:2:    grunt_orc_tribal_feast, layout_caves, serial_shops, shop,
          hellmonk_bongcloud_opening
Elf:1:    eino_elf_arrival_sip, layout_geoelf_diagonals, serial_shops, shop,
          hangedman_elven_crosses_minicolossus, st_stairs_10
Elf:2:    nicolae_elf_blades_crystal_corner, layout_geoelf_octagon,
          ebering_ghost_reflecting_pool, uniq_donald

Skill      XL: |  1  2  3  4  5  6  7  8  9 10 11 12 13 14 15 16 |
---------------+-------------------------------------------------+-----
Long Blades    | 4 6 7 8 10 13 15 16 17 18 19 20 21 | 21.5
Fighting       | 4 5 7 9 11 12 13 14 16 17 | 17.9
Armour         | 3 4 7 10 11 12 14 15 | 15.7
Dodging        | 3 4 5 7 |  7.3
Slings         | 1 4 6 |  6.3
Shields        | 4 7 10 12 15 17 | 17.0
Evocations     | 2 4 5 |  5.3

Action                   |  1- 3 |  4- 6 |  7- 9 | 10-12 | 13-15 | 16-18 || total
-------------------------+-------+-------+-------+-------+-------+-------++-------
Melee: Falchion          |    81 |    62 |   327 |    31 |       |       ||   501
       Headbutt          |    11 |    11 |    68 |   134 |   354 |    80 ||   658
       Long sword        |       |       |       |   373 |   966 |   257 ||  1596
       Kick              |       |       |       |       |    54 |       ||    54
       Great sword       |       |       |       |       |    11 |       ||    11
Invok: Trog's Hand       |       |     4 |     6 |    15 |    15 |     1 ||    41
       Berserk           |       |     2 |     2 |     5 |    13 |     3 ||    25
       Brothers in Arms  |       |       |       |       |     1 |       ||     1
Evoke: Wand              |       |       |       |     4 |     1 |       ||     5
  Use: Scroll            |     5 |     1 |     6 |     8 |    14 |     3 ||    37
       Potion            |       |       |       |     4 |     2 |     1 ||     7
 Stab: Distracted        |       |       |       |     1 |     1 |       ||     2
       Petrified         |       |       |       |       |     4 |       ||     4
       Sleeping          |       |       |       |       |     2 |       ||     2
       Held in net/web   |       |       |       |       |     1 |       ||     1
       Petrifying        |       |       |       |       |     1 |       ||     1
Armor: Animal skin       |     7 |       |       |       |       |       ||     7
       Plate armour      |    19 |    20 |   145 |   150 |    80 |       ||   414
       Ice dragon scales |       |       |       |       |   178 |    67 ||   245
Dodge: Dodged            |    41 |    39 |   167 |   215 |   389 |    66 ||   917
Block: Buckler           |       |       |       |   114 |   196 |       ||   310
       Reflection        |       |       |       |       |    11 |    11 ||    22
       Kite shield       |       |       |       |       |   468 |   190 ||   658
       Other             |       |       |       |       |     2 |       ||     2

Table legend: (Time is in decaauts)
 A = Elapsed time spent in this place.
 B = Non-inter-level travel time spent in this place.
 C = Inter-level travel time spent in this place.
 D = Time resting spent in this place.
 E = Time spent auto-exploring this place.
 F = Levels seen in this place.
 G = Mean time per level.
                   A        B        C        D        E       F      G
               +--------+--------+--------+--------+--------+-----+--------+
         Total |  27183 |  20476 |   6707 |      0 |  16421 |  27 | 1006.8 |
       Dungeon |  17932 |  13215 |   4717 |      0 |  10964 |  15 | 1195.5 |
        Temple |     76 |     66 |     10 |      0 |     62 |   1 |   76.0 |
          Lair |   6090 |   4845 |   1245 |      0 |   3924 |   6 | 1015.0 |
  Orcish Mines |   1666 |   1057 |    609 |      0 |    673 |   2 |  833.0 |
   Elven Halls |   1073 |    948 |    125 |      0 |    686 |   2 |  536.5 |
      Ice Cave |    343 |    343 |      0 |      0 |    111 |   1 |  343.0 |
               +--------+--------+--------+--------+--------+-----+--------+

Top non-repeatable levels by time:
     D:7: 1787 daAuts
    D:11: 1715 daAuts
     D:5: 1643 daAuts
     D:4: 1480 daAuts
    D:12: 1390 daAuts
    D:15: 1376 daAuts
    D:10: 1223 daAuts
     D:9: 1216 daAuts
  Lair:4: 1187 daAuts
  Lair:3: 1130 daAuts
   Orc:2: 1112 daAuts
     D:6: 1109 daAuts
     D:8: 1087 daAuts
  Lair:6: 1050 daAuts
     D:1: 1026 daAuts
